 Dungeon Crawl Stone Soup version 0.21-a0-358-g8928369 (webtiles) character file.

30 Dfrag the Firebug (level 3, 24/24 HPs)
             Began as a Demonspawn Fire Elementalist on Oct 13, 2017.
             Quit the game on level 1 of the Dungeon.
             The game lasted 00:01:44 (560 turns).

Dfrag the Firebug (Demonspawn Fire Elementalist)     Turns: 560, Time: 00:01:44

Health: 24/24      AC:  4    Str:  8    XL:     3   Next: 3%
Magic:  6/6        EV: 12    Int: 17    God:
Gold:   62         SH:  0    Dex: 13    Spells: 6/7 levels left

rFire    . . .     SeeInvis .   (no weapon)
rCold    + . .     Gourm    .   (no shield)
rNeg     . . .     Faith    .   a - +0 robe
rPois    .         Spirit   .   (no helmet)
rElec    .         Reflect  .   h - scarf {repulsion}
rCorr    .         Harm     .   (no gloves)
MR       .....                  (no boots)
Stlth    ++........             (no amulet)
HPRegen  0.08/turn              (no ring)
MPRegen  0.10/turn              (no ring)

@: repel missiles
A: slimy green scales 1, cold resistance 1
a: no special abilities


You were on level 1 of the Dungeon.
You were not hungry.

You visited 1 branch of the dungeon, and saw 1 of its levels.

You collected 62 gold pieces.

Inventory:

Armour
 a - a +0 robe (worn)
 h - a scarf of repulsion (worn)
Jewellery
 m - an uncursed amulet of guardian spirit {unknown}
Scrolls
 e - a scroll of fear {unknown}
 f - a scroll of remove curse {unknown}
 i - a scroll of enchant weapon {unknown}
 k - 2 scrolls of identify {unknown}
Potions
 l - a potion of curing {unknown}
Books
 b - a book of Flames

   Spells                             Type                      Level
   a - Flame Tongue                   Conjuration/Fire             1
   b - Throw Flame                    Conjuration/Fire             2
   c - Conjure Flame                  Conjuration/Fire             3
   d - Inner Flame                    Hexes/Fire                   3
   e - Sticky Flame                   Conjuration/Fire             4
   f - Fireball                       Conjuration/Fire             5
Comestibles
 c - a bread ration
 d - 2 meat rations
 j - a royal jelly


   Skills:
 - Level 1.7 Dodging
 - Level 1.7 Stealth
 + Level 2.5 Spellcasting
 + Level 1.9 Conjurations
 + Level 3.1 Fire Magic


You had 6 spell levels left.
You knew the following spells:

 Your Spells              Type           Power        Failure   Level  Hunger
a - Flame Tongue          Conj/Fire      ##...        7%          1    #......


Dungeon Overview and Level Annotations

Branches:
Dungeon (1/15)

Altars:


Innate Abilities, Weirdness & Mutations

You are partially covered in slimy green scales. (AC +2)
Your flesh is cold resistant. (rC+)


Message History

You see here a hunting sling.
There isn't anything to butcher here.
You start resting.
Magic restored.
Found a robe.
You now have 44 gold pieces (gained 11).
You now have 55 gold pieces (gained 11).
There is an open door here.
You now have 62 gold pieces (gained 7).
There is an empty arch of ancient stone here.
There is an empty arch of ancient stone here.
Found a robe.
HP restored.
k - 2 scrolls labeled VUPPAGR BIAJYN (gained 1)
There is an open door here.
Done exploring.
Done exploring.
Done exploring.
Done exploring.
Are you sure you want to abandon this character and quit the game? (Confirm with "yes".)

..........#........#
#♣........
..........#........#
#.......♣.
..........#........#
#.........
........÷.#........#
##.<......
.####..............#
##......#
#####........###########
##.....∩
.............÷.........#
#≈....#
......######...........#
###♣♣## ......#
#....@......# ......#
#...........# ......#
#...........# ......#
#...........# ......#
#...........# ......#
#...........# ......#
#...........# ......#
############# ......#


There were no monsters in sight!

Vanquished Creatures
  A gnoll (D:1)
  A dart slug (D:1)
  A leopard gecko (D:1)
  2 goblins (D:1)
  2 hobgoblins (D:1)
  A kobold (D:1)
  4 bats (D:1)
  A frilled lizard (D:1)
  4 rats (D:1)
17 creatures vanquished.

Notes
Turn   | Place    | Note
-------+----------+-------------------------------------------
     0 | D:1      | Dfrag the Demonspawn Fire Elementalist began the quest for the Orb.
     0 | D:1      | Reached XP level 1. HP: 13/13 MP: 3/3
   153 | D:1      | Gained mutation: Your flesh is cold resistant. (rC+) [demonic ancestry]
   153 | D:1      | Reached XP level 2. HP: 8/19 MP: 3/5
   232 | D:1      | Reached skill level 3 in Fire Magic
   308 | D:1      | Gained mutation: You are partially covered in slimy green scales. (AC +2) [demonic ancestry]
   308 | D:1      | Reached XP level 3. HP: 10/24 MP: 2/6
   560 | D:1      | Quit the game

Vault maps used:
D:1:      nzn_arrival_settlement

Skill      XL: |  1  2 |
---------------+-------+-----
Fire Magic     | 3 |  3.1
Dodging        | |  1.7
Stealth        | |  1.7
Spellcasting   | |  2.5
Conjurations   | |  1.9

Action                   || total
-------------------------++-------
Melee: Unarmed           ||    23
 Cast: Flame Tongue      ||    21
Armor: Robe              ||     5
Dodge: Dodged            ||    24
       Deflected         ||     1

Table legend:
 A = Spawn XP
 B = Non-spawn XP
 C = Spawn XP percentage of total XP
 D = Spawn monster count
 E = Non-spawn monster count
 F = Spawn count percentage of total count
 G = Total turns spent on level
                    A         B        C        D         E        F      G
               +---------+---------+-------+---------+---------+-------+---------
         Total |       0 |      43 |   0.0 |       0 |      17 |   0.0 |   560
               +---------+---------+-------+---------+---------+-------+---------
           D:1 |       0 |      43 |   0.0 |       0 |      17 |   0.0 |   560
               +---------+---------+-------+---------+---------+-------+---------
